 Dungeon Sprint DCSS version 0.27-a0-109-g416527ed24 (webtiles) character file.

Game seed: 14634274339545305692

844 mhtbhm the Grappler (level 7, -13/66 HPs)
             Began as a Troll Transmuter on Jan 24, 2021.
             Was a Believer of Sif Muna.
             Mangled by an eight-headed hydra (14 damage)
             ... in the Dungeon (Sprint IX: "|||||||||||||||||||||||||||||").
             The game lasted 00:01:24 (554 turns).

mhtbhm the Grappler (Troll Transmuter)               Turns: 554, Time: 00:01:26

Health: -13/66     AC:  6    Str: 21    XL:     7   Next: 68%
Magic:  7/13       EV: 16    Int:  9    God:    Sif Muna [**....]
Gold:   0          SH:  0    Dex: 10    Spells: 0/15 levels left

rFire    . . .     SeeInvis .     - Unarmed
rCold    . . .     Faith    .   (shield currently unavailable)
rNeg     . . .     Spirit   .   a - +0 robe
rPois    .         Reflect  .   (helmet restricted)
rElec    .         Harm     .   (no cloak)
rCorr    .         Rampage  .   (gloves unavailable)
Will     .....     NoTele   +   (boots unavailable)
Stlth    +.........             (no amulet)
HPRegen  0.61/turn              l - +2 ring of evasion
MPRegen  0.13/turn              m - +2 ring of evasion

@: blade hands (expiring), wereblooded
A: large, unfitting armour, claws 3, regeneration 1, shaggy fur 1, tough skin 3
a: End Transformation, Renounce Religion, Channel Magic


You were in the Dungeon.
You worshipped Sif Muna.
Sif Muna was pleased with you.
You had blades for hands.
You visited 1 branch

Inventory:

Armour
 a - a +0 robe (worn)
Jewellery
 l - a +2 ring of evasion (left scythe-like blade)
 m - a +2 ring of evasion (right scythe-like blade)
Wands
 k - a wand of acid (6)
Scrolls
 h - a scroll of blinking
 i - 3 scrolls of remove curse
 j - 2 scrolls of amnesia
Potions
 b - a potion of invisibility
 c - 4 potions of curing
 d - 3 potions of heal wounds
 e - a potion of haste
 f - 4 potions of magic


   Skills:
 + Level 2.8 Fighting
 + Level 5.4 Dodging
 + Level 11.8 Unarmed Combat
 + Level 4.9 Spellcasting
 + Level 5.2 Transmutations


You couldn't memorise any spells.
You knew the following spells:

 Your Spells              Type           Power        Failure   Level
a - Beastly Appendage     Tmut           22%          26%         1
b - Wereblood             Tmut           11%          30%         2
c - Spider Form           Tmut/Pois      3%           69%         3
d - Ice Form              Ice/Tmut       6%           93%         4
e - Blade Hands           Tmut           5%           93%         5

Your spell library contained the following spells:

 Spells                   Type           Power        Failure   Level


Dungeon Overview and Level Annotations

Branches:
Dungeon (1/1)

Altars:
Cheibriados
Dithmenos
Elyvilon
Fedhas
Gozag
Hepliaklqana
Kikubaaqudgha
Makhleb
Nemelex Xobeh
Okawaru
Qazlal
Ru
Sif Muna
Trog
Uskayaw
Vehumet
Wu Jian
Xom
Yredelemnul
Zin
The Shining One
Beogh
Jiyva
Lugonu


Innate Abilities, Weirdness & Mutations

You are too large for most types of armour.
You have claws for hands.
Your natural rate of healing is unusually fast.
You are covered in fur. (AC +1)
You have extremely tough skin. (AC +3)


Message History

Aim: an eight-headed hydra (moderately wounded, 10% to evade)
The bolt of acid hits the eight-headed hydra!
The eight-headed hydra is splashed with acid.
The acid corrodes the eight-headed hydra!
The eight-headed hydra is severely wounded.
Evoke which item? (* to show all) (? for menu, Esc to quit)
Aiming: Corrosive Bolt
Press: ? - help, Shift-Dir - straight line, f/p - eight-headed hydra
Aim: an eight-headed hydra (heavily wounded, covered in acid, 10% to evade)
The bolt of acid misses the eight-headed hydra.
The eight-headed hydra bites you!
* * * LOW HITPOINT WARNING * * *
The eight-headed hydra bites you.
* * * LOW HITPOINT WARNING * * *
The eight-headed hydra bites you!
* * * LOW HITPOINT WARNING * * *
The eight-headed hydra bites you.
* * * LOW HITPOINT WARNING * * *
The eight-headed hydra bites you!
You die... ▓▓▓▓▓▓▓▓▓▓▓▓▓▓▓▓▓▓▓▓▓▓▓▓▓▓▓ ___'..).[[[..)††@D..).hZ.○Z ▓▓▓▓▓▓▓▓▓▓▓▓▓▓▓▓▓▓▓▓▓▓▓▓▓▓▓

You could see an eight-headed hydra (corroded), a black bear (corroded) and an adder zombie.

Vanquished Creatures
  2 trolls (D)
  An orc warrior (D)
  A phantom (D)
  2 ogres (D)
  A worker ant (D)
  2 adders (D)
  2 leopard geckos (D)
  An orc (D)
  2 hobgoblins (D)
  A bat (D)
  2 frilled lizards (D)
  A kobold (D)
18 creatures vanquished.

Notes
Turn   | Place    | Note
-------+----------+-------------------------------------------
     0 | D        | mhtbhm the Troll Transmuter began the quest for the Orb.
     0 | D        | Reached XP level 1. HP: 18/18 MP: 1/1
    13 | D        | Reached skill level 4 in Unarmed Combat
    33 | D        | Noticed a worker ant
    33 | D        | Noticed an ogre
    39 | D        | Reached XP level 2. HP: 26/26 MP: 1/3
    46 | D        | Reached skill level 5 in Unarmed Combat
    46 | D        | Reached XP level 3. HP: 27/32 MP: 1/5
    48 | D        | HP: 1/32 [ogre/+0 giant club (10)]
    50 | D        | Killed an ogre
    51 | D        | Reached skill level 1 in Fighting
    51 | D        | Reached skill level 7 in Unarmed Combat
    51 | D        | Reached XP level 4. HP: 15/41 MP: 1/7
   302 | D        | Found a roughly hewn altar of Beogh.
   302 | D        | Found a snail-covered altar of Cheibriados.
   302 | D        | Found a shadowy altar of Dithmenos.
   302 | D        | Found a white marble altar of Elyvilon.
   302 | D        | Found a blossoming altar of Fedhas.
   302 | D        | Found an opulent altar of Gozag.
   303 | D        | Found a hazy altar of Hepliaklqana.
   304 | D        | Found a viscous altar of Jiyva.
   305 | D        | Found an ancient bone altar of Kikubaaqudgha.
   306 | D        | Found a corrupted altar of Lugonu.
   307 | D        | Found a burning altar of Makhleb.
   308 | D        | Found a sparkling altar of Nemelex Xobeh.
   309 | D        | Found an iron altar of Okawaru.
   310 | D        | Found a stormy altar of Qazlal.
   311 | D        | Found a sacrificial altar of Ru.
   312 | D        | Found a shimmering blue altar of Sif Muna.
   313 | D        | Found a bloodstained altar of Trog.
   314 | D        | Found a hide-covered altar of Uskayaw.
   315 | D        | Found a radiant altar of Vehumet.
   316 | D        | Found an ornate altar of the Wu Jian Council.
   317 | D        | Found a shimmering altar of Xom.
   318 | D        | Found a basalt altar of Yredelemnul.
   319 | D        | Found a glowing silver altar of Zin.
   320 | D        | Became a worshipper of Sif Muna the Loreminder
   321 | D        | Found a glowing golden altar of the Shining One.
   350 | D        | Learned a level 2 spell: Wereblood
   354 | D        | Learned a level 3 spell: Spider Form
   356 | D        | Noticed a troll
   356 | D        | Noticed an ogre
   356 | D        | Noticed a phantom
   356 | D        | Noticed a troll
   362 | D        | Killed a troll
   363 | D        | Reached skill level 9 in Unarmed Combat
   363 | D        | Reached XP level 5. HP: 21/49 MP: 4/9
   363 | D        | Reached XP level 6. HP: 24/57 MP: 4/10
   364 | D        | Reached skill level 10 in Unarmed Combat
   365 | D        | Reached * piety under Sif Muna
   369 | D        | Reached XP level 7. HP: 26/66 MP: 5/12
   370 | D        | Killed a troll
   370 | D        | Reached ** piety under Sif Muna
   371 | D        | Reached skill level 5 in Dodging
   371 | D        | Reached skill level 11 in Unarmed Combat
   371 | D        | Reached skill level 5 in Transmutations
   458 | D        | Learned a level 4 spell: Ice Form
   464 | D        | Learned a level 5 spell: Blade Hands
   549 | D        | Noticed an eight-headed hydra
   549 | D        | Noticed a boulder beetle
   554 | D        | HP: 1/66 [eight-headed hydra (3)]
   554 | D        | Mangled by an eight-headed hydra

Illustrated notes

Levels and vault maps discovered:
D:        linesprint [early_d, line_temple, items_1, d_10, items_2, lair_1,
          lair_end, items_3, orc_1, orc_end, items_4, d_15, swamp_1, shoals_1,
          snake_1, spider_1, d_20, vaults_1, items_5, swamp_end, shoals_end,
          snake_end, spider_end, vaults_end, d_27, items_6, zot_1, zot_end,
          crypt_end, forest_end, elf_end, slime_end, tomb_end, abyss_end,
          pan_hell_end]

Skill      XL: |  1  2  3  4  5  6  7 |
---------------+----------------------+-----
Unarmed Combat | 4 5 7 9 10 11 | 11.8
Dodging        | 2 3 4 5 |  5.4
Spellcasting   | 2 3 4 |  4.9
Transmutations | 2 4 5 |  5.2
Fighting       | 1 2 |  2.8

Action                   |  1- 3 |  4- 6 |  7- 9 || total
-------------------------+-------+-------+-------++-------
Melee: Unarmed           |    22 |     9 |     2 ||    33
       Headbutt          |     2 |     1 |       ||     3
       Kick              |     2 |     2 |     1 ||     5
       Punch             |       |     2 |       ||     2
 Cast: Beastly Appendage |     3 |     1 |       ||     4
       Wereblood         |       |     1 |     1 ||     2
       Blade Hands       |       |       |     1 ||     1
Evoke: Wand              |       |       |     4 ||     4
  Use: Potion            |     1 |     1 |       ||     2
       Scroll            |       |       |     1 ||     1
Armor: Robe              |     7 |     2 |       ||     9
Dodge: Dodged            |     6 |     5 |     4 ||    15

Table legend: (Time is in decaauts)
 A = Elapsed time spent in this place.
 B = Non-inter-level travel time spent in this place.
 C = Inter-level travel time spent in this place.
 D = Time resting spent in this place.
 E = Time spent auto-exploring this place.
 F = Levels seen in this place.
 G = Mean time per level.
                   A        B        C        D        E       F      G
               +--------+--------+--------+--------+--------+-----+--------+
         Total |    554 |    554 |      0 |    417 |      3 |   1 |  554.0 |
       Dungeon |    554 |    554 |      0 |    417 |      3 |   1 |  554.0 |
               +--------+--------+--------+--------+--------+-----+--------+

Top non-repeatable levels by time:
       D: 554 daAuts
